 Dungeon Crawl Stone Soup version 0.24-a0-251-g44e327ef01 (webtiles) character file.

Game seed: 15553275120604447470

224 Redear the Ducker (level 6, -2/43 HPs)
             Began as an Octopode Fighter on Apr 17, 2019.
             Killed from afar by Crazy Yiuf (12 damage)
             ... with a wand of flame (11)
             ... on level 3 of the Dungeon.
             The game lasted 00:05:07 (3447 turns).

Redear the Ducker (Octopode Fighter)                Turns: 3447, Time: 00:05:07

Health: -2/43      AC:  2    Str: 15    XL:     6   Next: 0%
Magic:  4/6        EV: 13    Int: 11    God:
Gold:   232        SH:  9    Dex: 13    Spells: 5/5 levels left

rFire    . . .     SeeInvis .   a - +0 long sword
rCold    . . .     Gourm    .   b - +0 shield
rNeg     . . .     Faith    .   l - +1 hat
rPois    .         Spirit   .   (no amulet)
rElec    .         Reflect  .   (no ring)
rCorr    .         Harm     .   (no ring)
MR       .....                  (no ring)
Stlth    ++........             (no ring)
HPRegen  0.14/turn              (no ring)
MPRegen  0.10/turn              (no ring)
                                (no ring)
                                (no ring)

@: no status effects
A: almost no armour, stealthy swim, amphibious, 8 rings, constrict 8, camouflage
1, gelatinous body 1
a: no special abilities


You were on level 3 of the Dungeon.
You were not hungry.

You visited 1 branch of the dungeon, and saw 3 of its levels.

You collected 232 gold pieces.

Inventory:

Hand Weapons
 a - a +0 long sword (weapon)
 j - a +4 hunting sling
 n - a +0 hunting sling of flaming
Missiles
 Z - 2 throwing nets (quivered) {+f}
Armour
 b - a +0 shield (worn)
 l - a +1 hat (worn)
Jewellery
 h - an uncursed ring of flight {+Fly}
Wands
 m - a wand of random effects (14)
Scrolls
 d - 2 scrolls of magic mapping {unknown}
 e - a scroll of blinking {unknown}
 f - 4 scrolls of identify {unknown}
 g - 4 scrolls of remove curse {unknown}
 i - a scroll of enchant armour {unknown}
 k - 2 scrolls of teleportation {unknown}
 s - a scroll of noise {unknown}
Potions
 c - a potion of might {Str+5 DMG+1d10 | @q3}
 o - a potion of curing {unknown}
 p - a potion of invisibility {unknown}
 q - a potion of heal wounds {unknown}
Comestibles
 z - 9 rations


   Skills:
 + Level 4.0 Fighting
 + Level 3.4 Long Blades
 + Level 4.1 Dodging
 + Level 4.1 Shields


You had 5 spell levels left.
You didn't know any spells.
Your spell library was empty.

Dungeon Overview and Level Annotations

Branches:
Dungeon (3/15)

Altars:
The Shining One

Annotations:
D:3 3 runed translucent doors, Crazy Yiuf; Tarias's ghost, amateur OpFi


Innate Abilities, Weirdness & Mutations

You cannot wear most types of armour.
You are very stealthy in the water. (Stealth+)
You are amphibious.
You can wear up to eight rings at the same time.
You can use your tentacles to constrict eight enemies at once.
Your skin changes colour to match your surroundings (Stealth+).
Your rubbery body absorbs attacks. (AC +1, EV +1)


Message History

You release your grip on the fungus.
Unknown command.
You see here a stone.
You hear a zap.
A puff of flame appears from out of thin air!
The puff of flame hits you.
* * * LOW HITPOINT WARNING * * *
You take 6 damage, and have 10/43 hp.
Things that are here:
a +0 dagger x2; a +0 robe You hear a zap.
A puff of flame appears from out of thin air!
The puff of flame misses you.
You hear a zap.
A puff of flame appears from out of thin air!
The puff of flame misses you.
You hear a zap.
A puff of flame appears from out of thin air!
The puff of flame hits you!
You die...

#..############ #.# #..#
#........# #.#
###########..###........###.#####
................................†
...#....###..##############.#.###
...#....###..########## ##+#.###
...+..................# #.......
...#....###.#########.####.......
...#.......{)...@........#.......
...#....(##.#######...##.#.......
...#....<##.# #...##.###...#'
####)...###.# #...##.# #...#.
........# #.# ###.##.###...#.
.......## ### ####.......#.
.......# #######..#.
.......##♣♣♣♣♣ #..........
......##...♣.♣♣♣ ### ###......##


There were no monsters in sight!

Vanquished Creatures
  Jessica (D:3)
  Robin (D:2)
  3 gnolls (D:2)
  3 adders
  5 worms
  4 dart slugs
  3 leopard geckos
  2 orcs (D:3)
  8 bats
  3 giant cockroaches
  11 goblins
  13 hobgoblins
  15 jackals
  3 quokkas (D:2)
  2 ball pythons
  7 frilled lizards
  6 kobolds
  9 rats
99 creatures vanquished.

Notes
Turn   | Place    | Note
-------+----------+-------------------------------------------
     0 | D:1      | Redear the Octopode Fighter began the quest for the Orb.
     0 | D:1      | Reached XP level 1. HP: 16/16 MP: 1/1
   184 | D:1      | Reached XP level 2. HP: 13/21 MP: 2/2
   530 | D:1      | Reached XP level 3. HP: 26/26 MP: 3/3
   988 | D:2      | Found a faded altar of an unknown god.
  1044 | D:2      | Noticed Robin
  1052 | D:2      | Reached XP level 4. HP: 23/31 MP: 4/4
  1064 | D:2      | Killed Robin
  1067 | D:2      | HP: 2/31 [hobgoblin/+0 club[Robin] (6)]
  1663 | D:2      | Reached skill level 3 in Long Blades
  1665 | D:2      | Reached XP level 5. HP: 14/37 MP: 5/5
  2041 | D:2      | HP: 3/37 [adder (3)]
  2342 | D:3      | Noticed Jessica
  2354 | D:3      | Killed Jessica
  2354 | D:3      | Reached skill level 4 in Dodging
  2530 | D:3      | Reached skill level 4 in Shields
  2585 | D:3      | Reached skill level 4 in Fighting
  2625 | D:3      | Found a glowing golden altar of the Shining One.
  3237 | D:3      | Found a runed translucent gate.
  3237 | D:3      | Found a runed translucent gate.
  3238 | D:3      | Found a runed translucent gate.
  3239 | D:3      | Noticed Tarias's ghost (amateur OpFi)
  3331 | D:3      | Reached XP level 6. HP: 43/43 MP: 6/6
  3405 | D:3      | Found a runed translucent door.
  3406 | D:3      | Noticed Crazy Yiuf
  3447 | D:3      | Killed from afar by Crazy Yiuf

Levels and vault maps discovered:
D:1:      scummos_arrival_hexagon, layout_loops_ring
D:2:      layout_loops_corners, chequers_ecumenical_altar_island,
          serial_bayou_pond_d, uniq_robin
D:3:      layout_basic, old_standard_altar, gammafunk_ghost_necromancy,
          first_ration, uniq_crazy_yiuf_cottage, uniq_jessica

Skill      XL: |  1  2  3  4  5 |
---------------+----------------+-----
Long Blades    | 3 |  3.4
Dodging        | 4 |  4.1
Shields        | 4 |  4.1
Fighting       | 4 |  4.0

Action                   |  1- 3 |  4- 6 || total
-------------------------+-------+-------++-------
Melee: Long sword        |    65 |    93 ||   158
       Tentacles         |    15 |    18 ||    33
       Constrict         |    24 |    42 ||    66
Evoke: Wand              |       |     1 ||     1
  Use: Potion            |       |     2 ||     2
 Stab: Sleeping          |     5 |     6 ||    11
       Distracted        |       |     1 ||     1
  Eat: Chunk             |       |     8 ||     8
Armor: Skin              |     5 |     7 ||    12
Dodge: Dodged            |    58 |    98 ||   156
       Rpst.: Long sword |    16 |    38 ||    54

Table legend:
 A = Non-vault XP
 B = Vault XP
 C = Vault XP percentage of total XP
 D = Non-vault monster count
 E = Vault monster count
 F = Vault count percentage of total count
                 A         B        C        D         E       F
            +---------+---------+-------+---------+---------+-------
      Total |     248 |      73 |  22.7 |      87 |      12 |  12.1
            +---------+---------+-------+---------+---------+-------
        D:1 |      57 |       0 |   0.0 |      30 |       0 |   0.0
        D:2 |     105 |      36 |  25.5 |      29 |      11 |  27.5
        D:3 |      86 |      37 |  30.1 |      28 |       1 |   3.4
            +---------+---------+-------+---------+---------+-------
